 Dungeon Crawl Stone Soup version 0.21.1-1-g345015f (webtiles) character file.

126 Iko the Skirmisher (level 4, 0/37 HPs)
             Began as a Demonspawn Berserker on June 5, 2018.
             Was a Believer of Trog.
             Slain by an orc wizard
             ... wielding a +0 dagger
              (3 damage)
             ... on level 3 of the Dungeon.
             The game lasted 00:05:05 (611 turns).

Iko the Skirmisher (Demonspawn Berserker)            Turns: 611, Time: 00:05:05

Health: 0/37       AC:  7    Str: 17    XL:     4   Next: 84%
Magic:  4/4        EV: 10    Int:  9    God:    Trog [**....]
Gold:   85         SH:  0    Dex: 13    Spells: 3/3 levels left

rFire    . . .     SeeInvis .   d - +2 mace
rCold    + . .     Gourm    .   (no shield)
rNeg     . . .     Faith    .   b - +0 scale mail
rPois    .         Spirit   .   (no helmet)
rElec    .         Reflect  .   (no cloak)
rCorr    .         Harm     +   e - +0 pair of gloves
MR       .....                  (no boots)
Stlth    ..........             f - amulet of harm
HPRegen  0.12/turn              (no ring)
MPRegen  0.09/turn              (no ring)

@: confused, berserk cooldown, slowed, very slow
A: cold resistance 1, spiny 1
a: Berserk, Trog's Hand, Burn Spellbooks, Renounce Religion


You were on level 3 of the Dungeon.
You worshipped Trog.
Trog was pleased with you.
You were not hungry.

You visited 1 branch of the dungeon, and saw 3 of its levels.

You collected 85 gold pieces.

Inventory:

Hand Weapons
 d - a +2 mace (weapon)
Missiles
 i - 11 tomahawks (quivered)
Armour
 b - a +0 scale mail (worn)
 e - a +0 pair of gloves (worn)
Jewellery
 f - an amulet of harm (around neck)
Potions
 g - a potion of haste
Comestibles
 c - 2 rations


   Skills:
 + Level 3.8 Fighting
   Level 2.6 Long Blades
 + Level 2.5 Maces & Flails
 + Level 0.4 Throwing
 + Level 2.1 Armour
 + Level 2.4 Dodging
 + Level 0.6 Stealth


You had 3 spell levels left.
You didn't know any spells.

Dungeon Overview and Level Annotations

Branches:
Dungeon (3/15)

Altars:
Ru


Innate Abilities, Weirdness & Mutations

Your flesh is cold resistant. (rC+)
You are partially covered in sharp spines.


Message History

Something hits you but does no damage. Something hits you.
* * * LOW HITPOINT WARNING * * *
You sock the orc!
You kill the orc!
Trog accepts your kill.
You are no longer berserk.
You are exhausted.
You feel yourself slow down.
You hear some strange, mumbled words.
A magic dart appears from out of thin air!
The magic dart hits you!
* * * LOW HITPOINT WARNING * * *
Something completely misses you.
You hear some strange, mumbled words.
You are confused.
Something hits you but does no damage.
You hear some strange, mumbled words.
A puff of flame appears from out of thin air!
The puff of flame hits something.
Something hits you.
You die...

#.......... #...........
#.......≈..≈ #......$.§≈.
#........≈§§ #(..(...≈%?≈
#..........§ #..@........ ###
###.{........ #.. ..##.{.......
#.# #.###)....... #.# #.#
##....... ##### #.# #.# #......
##....
#######.###.##############†....
#......[.............#...#..#<.
###.#########.####..#..#.#<#.....


There were no monsters in sight!

Vanquished Creatures
  A killer bee (D:3)
  An orc wizard (D:3)
  An adder (D:3)
  3 dart slugs
  5 orcs (D:3)
  A ball python (D:2)
  2 giant cockroaches (D:3)
  5 goblins
  3 hobgoblins
  4 jackals
  A kobold (D:1)
  A quokka (D:3)
  5 bats
  2 frilled lizards
  2 rats
37 creatures vanquished.

Notes
Turn   | Place    | Note
-------+----------+-------------------------------------------
     0 | D:1      | Iko the Demonspawn Berserker began the quest for the Orb.
     0 | D:1      | Reached XP level 1. HP: 18/18 MP: 1/1
   118 | D:1      | Gained mutation: Your flesh is cold resistant. (rC+) [demonic ancestry]
   118 | D:1      | Reached XP level 2. HP: 16/24 MP: 2/2
   279 | D:2      | Reached skill level 1 in Maces & Flails
   397 | D:3      | Found a sacrificial altar of Ru.
   409 | D:3      | Reached XP level 3. HP: 19/30 MP: 3/3
   434 | D:3      | Reached ** piety under Trog
   595 | D:3      | Noticed a killer bee
   601 | D:3      | Gained mutation: You are partially covered in sharp spines. [demonic ancestry]
   601 | D:3      | Reached XP level 4. HP: 15/37 MP: 4/4
   611 | D:3      | Slain by an orc wizard

Skill      XL: |  1  2  3 |
---------------+----------+-----
Dodging        | 2 |  2.4
Maces & Flails | 1 2 |  2.5
Armour         | 2 |  2.1
Fighting       | |  3.8
Long Blades    | |  2.6
Throwing       | |  0.4
Stealth        | |  0.6

Action                   |  1- 3 |  4- 6 || total
-------------------------+-------+-------++-------
Melee: Mace              |    88 |     8 ||    96
Throw: Tomahawk          |     9 |       ||     9
Invok: Berserk           |     1 |       ||     1
  Use: Scroll            |     6 |       ||     6
 Stab: Paralysed         |     2 |       ||     2
Armor: Animal skin       |     5 |       ||     5
       Scale mail        |    37 |    10 ||    47
       Leather armour    |     3 |       ||     3
Dodge: Dodged            |    83 |     6 ||    89
